 Dungeon Crawl Stone Soup version 0.30-a0-939-gc8157cb160 (console) character file.

Game seed: 3951278646236473884

822 jejorda2 the Poker (level 7, -2/58 HPs)
             Began as a Merfolk Berserker on Mar 25, 2023.
             Was an Elder of Trog.
             Slain by a water moccasin (4 damage)
             ... on level 5 of the Dungeon.
             The game lasted 00:11:12 (4122 turns).

jejorda2 the Poker (Merfolk Berserker)              Turns: 4122, Time: 00:11:12

Health: -2/58      AC: 13    Str: 19    XL:     7   Next: 95%
Magic:  7/7        EV:  6    Int:  7    God:    Trog [****..]
Gold:   268        SH:  0    Dex: 13    Spells: 6/6 levels left

rFire   . . .      SeeInvis .    a - +0 halberd
rCold   . . .      Faith    +    (shield currently unavailable)
rNeg    . . .      Spirit   .    p - +0 plate armour
rPois   .          Reflect  .    d - +0 helmet
rElec   .          Rampage  .    (no cloak)
rCorr   .                        (no gloves)
Will    ++...                    (no boots) Stlth
                                 g - amulet of faith
HPRegen 1.29/turn                (no ring)
MPRegen 0.10/turn                (no ring)

@: confused, lethally poisoned (-2 -> -16), ambrosia-drunk, strong-willed, on
berserk cooldown, attractive, regenerating
A: (nimble swimmer 2), mertail, MP-powered wands
a: Renounce Religion, Berserk, Trog's Hand, Brothers in Arms


You were on level 5 of the Dungeon.
You worshipped Trog.
Trog was greatly pleased with you.
You visited 1 branch of the dungeon, and saw 5 of its levels.
You also visited: Sewer.

You collected 268 gold pieces.

Inventory:

Hand Weapons
 a - a +0 halberd (weapon)
 b - a +0 trident
Missiles
 c - 54 stones (quivered)
 x - 2 boomerangs
Armour
 d - a +0 helmet (worn)
 p - a +0 plate armour (worn)
Jewellery
 g - an amulet of faith (around neck)
Scrolls
 e - a scroll of poison {unknown}
 f - 4 scrolls of identify
 h - 2 scrolls of enchant weapon {unknown}
 n - 3 scrolls of enchant armour
 o - a scroll of silence {unknown}
 q - a scroll of brand weapon {unknown}
 s - a scroll of teleportation {unknown}
 t - 3 scrolls of magic mapping {unknown}
 u - a scroll of acquirement {unknown}
 v - a scroll of fear {unknown}
 w - a scroll of blinking {unknown}
 y - a scroll of vulnerability {unknown}
 z - a scroll of immolation {unknown}
Potions
 i - 7 potions of flight
 j - a potion of cancellation {unknown}
 k - a potion of invisibility {unknown}
 l - a potion of attraction
 m - a potion of mutation


   Skills:
 - Level 6.0 Fighting
 * Level 7.8 Polearms
 + Level 4.1 Armour
 - Level 2.6 Dodging


You had 6 spell levels left.
You didn't know any spells.
Your spell library was empty.

Dungeon Overview and Level Annotations

Branches:
Dungeon (5/15)              Sewer (visited)
 Temple: D:4-7

Altars:
Ashenzari
Nemelex Xobeh
Qazlal
Ru

Annotations:
D:5 2 transporters, cheesebisquit's ghost, novice HOFi


Innate Abilities, Weirdness & Mutations

((You are very nimble when in or above water. (Stealth+, EV+, Speed+++)))
Your lower body shifts to a powerful aquatic tail in water.
You expend magic power (3 MP) to strengthen your wands.


Message History

The water moccasin bites you.
* * * LOW HITPOINT WARNING * * *
The water moccasin bites you.
* * * LOW HITPOINT WARNING * * *
You are poisoned.
The water moccasin poisons you!
Okay, then.
As you read the scroll labelled PIZEF KIWOM, it crumbles to dust.
It is a scroll of identify.
n - 3 scrolls of enchant armour You feel yourself speed up.
You feel very sick.
The water moccasin bites you but does no damage. x2
Okay, then.
It was a potion of attraction.
You feel attractive to monsters.
You feel sick. The water moccasin barely misses you.
It was a potion of mutation.
You feel extremely strange.
You feel your magical essence link to the dungeon's wands.
You feel sick. The water moccasin bites you.
* * * LOW HITPOINT WARNING * * *
The water moccasin bites you but does no damage.
It was a potion of ambrosia.
You are confused.
You feel invigorated.
You feel sick. The water moccasin bites you.
* * * LOW HITPOINT WARNING * * *
You hit the water moccasin.
The water moccasin is lightly wounded.
You feel sick. The water moccasin bites you.
* * * LOW HITPOINT WARNING * * *
You are more poisoned.
The water moccasin poisons you! The water moccasin bites you.
* * * LOW HITPOINT WARNING * * *
You are more poisoned.
The water moccasin poisons you!
You bump into the rock wall.
* * * LOW HITPOINT WARNING * * *
You feel extremely sick. The water moccasin bites you.
You die...

###.###.########## #
..............>.. .#
###.###.#.###..# .# #
###.# #.#.#.#..###.#.#.#
..#.###.#.#............
..#.#..............#
..#.#.#.#........##
....# #.###.##.#S###.#.#
............##.#@.......
............##.#.###.#..
#########...##.### .. ..
.#...##+## . ...
#.......# # #..#.......#
8#. 8#..#.......# ...
....#.......### ..©
!.?.#©.........


You could see a water moccasin.

Vanquished Creatures
  Eustachio (D:5)
  Duvessa (D:4)
  A bullfrog (D:4)
  2 scorpions (D:5)
  Dowan (D:4)
  2 iguanas
  An orc wizard (D:4)
  Robin (D:4)
  3 gnolls (D:3)
  6 adders
  3 river rats (Sewer)
  An ufetubus (D:5)
  A worm (Sewer)
  4 dart slugs
  4 orcs
  12 endoplasms
  8 giant cockroaches
  16 goblins
  5 hobgoblins
  13 jackals
  6 kobolds
  3 quokkas
  13 ball pythons
  11 bats
  8 frilled lizards
  4 rats
131 creatures vanquished.

Notes
Turn   | Place    | Note
-------+----------+-------------------------------------------
     0 | D:1      | jejorda2 the Merfolk Berserker began the quest for the Orb.
     0 | D:1      | Reached XP level 1. HP: 18/18 MP: 1/1
   168 | D:1      | Reached XP level 2. HP: 24/24 MP: 2/2
   414 | D:1      | Reached XP level 3. HP: 24/30 MP: 3/3
   427 | D:1      | Reached ** piety under Trog
   897 | D:2      | Reached XP level 4. HP: 28/37 MP: 4/4
  1095 | D:2      | Identified the +2 leather armour of Beamp {rElec Stlth+}
  1246 | D:2      | Reached skill level 5 in Polearms
  1295 | D:2      | Found a faded altar of an unknown god.
  1519 | D:3      | Found a sacrificial altar of Ru.
  1605 | D:3      | Found a broken altar of Ashenzari.
  1657 | D:3      | Reached XP level 5. HP: 41/43 MP: 5/5
  1771 | D:3      | Reached *** piety under Trog
  1905 | D:4      | Found a glowing drain.
  1923 | Sewer    | Entered a sewer
  2154 | Sewer    | Reached **** piety under Trog
  2543 | Sewer    | Reached XP level 6. HP: 50/50 MP: 6/6
  2724 | D:4      | Found the +3 greatsling "Punk" {acid, rCorr}
  2778 | D:4      | Found a sparkling altar of Nemelex Xobeh.
  2778 | D:4      | Found a transporter.
  2791 | D:4      | Reached skill level 5 in Fighting
  2791 | D:4      | Reached skill level 6 in Polearms
  2960 | D:4      | Noticed Dowan
  2966 | D:4      | Noticed Duvessa
  2974 | D:4      | Noticed Robin
  2976 | D:4      | Killed Duvessa
  2977 | D:4      | Reached XP level 7. HP: 56/56 MP: 7/7
  2982 | D:4      | Killed Robin
  2989 | D:4      | Killed Dowan
  3663 | D:5      | Entered Level 5 of the Dungeon
  3663 | D:5      | Noticed cheesebisquit's ghost (novice HOFi)
  3663 | D:5      | Found a transporter.
  3673 | D:5      | Noticed a fire elemental
  3675 | D:5      | Found a stormy altar of Qazlal.
  3677 | D:5      | Noticed an air elemental
  3677 | D:5      | Noticed a water elemental
  3693 | D:5      | Reached skill level 7 in Polearms
  3737 | D:5      | Found a transporter.
  3755 | D:5      | Noticed Eustachio
  3789 | D:5      | Killed Eustachio
  4119 | D:5      | Gained mutation: You expend magic power (3 MP) to
                  | strengthen your wands. [potion of mutation]
  4122 | D:5      | HP: 2/58 [poisoned by a water moccasin]
  4122 | D:5      | Slain by a water moccasin

Illustrated notes

Levels and vault maps discovered:
D:1:      onia_arrival_pentagram, layout_loops_cross, minmay_misc_feat_cross,
          minmay_close_crescents
D:2:      layout_basic, shapermc_ecumenical_altar_rom_forum
D:3:      layout_rooms, mainiacjoe_overflow_brackets, lemuel_tele_altar
D:4:      minmay_general_purpose_star, layout_cave_pods,
          grunt_nemelex_the_gamble, portal_sewer_entry_a, uniq_duvessa,
          uniq_robin
D:5:      layout_basic, nicolae_qazlal_style_of_elements,
          gammafunk_ghost_mausoleum, uniq_eustachio

Skill      XL: |  1  2  3  4  5  6  7 |
---------------+----------------------+-----
Armour         | 2 3 4 |  4.1
Fighting       | 4 5 6 |  6.0
Polearms       | 5 6 7 |  7.8
Dodging        | |  2.6

Action                     |  1- 3 |  4- 6 |  7- 9 || total
---------------------------+-------+-------+-------++-------
  Melee: Spear             |   105 |    40 |       ||   145
         Punch             |     2 |       |       ||     2
         Halberd           |       |   190 |    67 ||   257
         Tailslap          |       |     9 |       ||     9
  Throw: Stone             |       |    13 |     1 ||    14
 Invoke: Berserk           |     2 |     3 |     2 ||     7
         Trog's Hand       |       |       |     3 ||     3
    Use: Potion            |       |       |     3 ||     3
         Scroll            |       |       |     1 ||     1
   Stab: Sleeping          |     3 |     1 |       ||     4
         Distracted        |     1 |       |       ||     1
 Armour: Animal skin       |    20 |       |       ||    20
         Plate armour      |       |   143 |    57 ||   200
         Ring mail         |       |     6 |       ||     6
  Dodge: Dodged            |    48 |    93 |    37 ||   178

Table legend: (Time is in decaauts)
 A = Elapsed time spent in this place.
 B = Non-inter-level travel time spent in this place.
 C = Inter-level travel time spent in this place.
 D = Time resting spent in this place.
 E = Time spent auto-exploring this place.
 F = Levels seen in this place.
 G = Mean time per level.
                   A        B        C        D        E       F      G
               +--------+--------+--------+--------+--------+-----+--------+
         Total |   4107 |   3979 |    128 |    342 |   2721 |   6 |  684.5 |
       Dungeon |   3494 |   3366 |    128 |    260 |   2397 |   5 |  698.8 |
         Sewer |    613 |    613 |      0 |     82 |    323 |   1 |  613.0 |
               +--------+--------+--------+--------+--------+-----+--------+

Top non-repeatable levels by time:
     D:4: 1105 daAuts
     D:1: 777 daAuts
     D:2: 656 daAuts
   Sewer: 613 daAuts
     D:3: 478 daAuts
     D:5: 476 daAuts
